 Dungeon Crawl Stone Soup version 0.17.1-3-g152610e (webtiles) character file.

408 Peloso the Covered (level 6, -10/56 HPs)
             Began as a Minotaur Fighter on Apr 2, 2016.
             Mangled by a gnoll sergeant
             ... wielding a +3 vampiric trident
              (11 damage)
             ... on level 4 of the Dungeon.
             The game lasted 00:06:43 (3286 turns).

Peloso the Covered (Minotaur Fighter)               Turns: 3286, Time: 00:06:43

Health: -10/56     AC:  7    Str: 25    XL:     6   Next: 57%
Magic:  5/5        EV:  9    Int:  5    God:
Gold:   146        SH: 10    Dex: 12    Spells: 0 memorised, 5 levels left

rFire  . . .     SeeInvis +     a - +0 long sword
rCold  . . .     Clarity  .     b - +0 scale mail
rNeg   . . .     SustAt   .     c - +0 shield
rPois  .         Gourm    .     (helmet restricted)
rElec  .         Spirit   .     (no cloak)
rCorr  +         Warding  .     (no gloves)
rMut   .         Stasis   .     (no boots)
MR     .....                    i - amulet of resist corrosion
Stlth  ..........               (no ring)
                                o - ring of see invisible

@: mighty, not resistant to hostile enchantments, extremely unstealthy
A: retaliatory headbutt, horns 2
a: no special abilities


You were on level 4 of the Dungeon.
You were not hungry.

You visited 1 branch of the dungeon, and saw 4 of its levels.

You collected 146 gold pieces.

Inventory:

Hand Weapons
 a - a +0 long sword (weapon)
Armour
 b - a +0 scale mail (worn)
 c - a +0 shield (worn)
Jewellery
 i - an amulet of resist corrosion (around neck)
 o - a ring of see invisible (left hand)
Wands
 t - a wand of teleportation (3)
Scrolls
 f - a scroll of identify
 g - a scroll of immolation
 h - 4 scrolls of teleportation {unknown}
 k - 2 scrolls of remove curse
 l - a scroll of recharging
 p - 2 scrolls of noise {unknown}
 s - 2 scrolls of amnesia
Potions
 d - a potion of might
 j - a potion of flight
 n - a potion of magic
 r - a potion of lignification
Books
 m - a book of Alchemy

   Spells                             Type                      Level
   a - Sublimation of Blood           Necromancy                   2
   b - Ignite Poison                  Fire/Transmutation/Poison    3
   c - Alistair's Intoxication        Transmutation/Poison         4
   d - Condensation Shield            Ice                          4
   e - Petrify                        Transmutation/Earth          4
   f - Irradiate                      Conjuration/Transmutation    5
Comestibles
 e - 3 bread rations


   Skills:
 + Level 5.0 Fighting
 + Level 3.9 Long Blades
 + Level 5.3 Armour
 + Level 3.4 Dodging
 + Level 0.1 Stealth
 + Level 5.0 Shields


You had 5 spell levels left.
You didn't know any spells.

Dungeon Overview and Level Annotations

Branches:
Dungeon (4/15)
 Temple: D:4-7

Altars:
Nemelex Xobeh

Shops:
D:4 (


Innate Abilities, Weirdness & Mutations

You reflexively headbutt those who attack you in melee.
You have a pair of horns on your head.


Message History

The gnoll hits you from afar with a spear!
You block the gnoll's attack.
The gnoll sergeant hits you but does no damage.
You closely miss the gnoll sergeant.
The gnoll hits you from afar with a spear!
You block the gnoll's attack. You block the gnoll sergeant's attack.
You closely miss the gnoll sergeant.
Your headbutt misses the gnoll sergeant.
The gnoll barely misses you. x2
You furiously retaliate!
You headbutt the gnoll.
The gnoll sergeant hits you with a vampiric trident!
* * * LOW HITPOINT WARNING * * *
The gnoll hits you from afar with a spear.
* * * LOW HITPOINT WARNING * * *
Drink which item? (? for menu, Esc to quit)
You feel very mighty all of a sudden. The gnoll hits you with a flail.
* * * LOW HITPOINT WARNING * * *
The gnoll sergeant hits you with a vampiric trident!
You die...

##...>#### ##......##
#....#..# . ##.####'###
.. ###......## ...
##...†.....## ....
##...........####....$
#............#gggg....
##...#####....'@#g.....
##....#[[......###
g.... .#....#...#....#
.... .#........#....#
#$. .)....#####...## .
.#............#
.#...........##
.##.........##
..##......### ....


You could see a gnoll sergeant and 3 gnolls.

Vanquished Creatures
  2 scorpions (D:4)
  The ghost of GFox the Shooter, a weakling CeAM (D:3)
  An orc wizard (D:4)
  An orc priest (D:4)
  2 worker ants (D:4)
  4 gnolls (D:4)
  6 adders
  2 giant geckos
  4 orcs
  3 ball pythons
  3 giant cockroaches (D:3)
  8 hobgoblins
  2 jackals (D:3)
  2 quokkas (D:3)
  7 bats
  2 giant newts
  10 goblins
  11 kobolds
  7 rats
78 creatures vanquished.

Notes
Turn   | Place    | Note
--------------------------------------------------------------
     0 | D:1      | Peloso the Minotaur Fighter began the quest for the Orb.
     0 | D:1      | Reached XP level 1. HP: 19/19 MP: 0/0
   200 | D:1      | Reached XP level 2. HP: 22/27 MP: 1/1
   208 | D:1      | Reached skill level 4 in Armour
   846 | D:2      | Reached skill level 1 in Dodging
   846 | D:2      | Reached XP level 3. HP: 30/33 MP: 2/2
  1500 | D:3      | Found a sparkling altar of Nemelex Xobeh.
  1531 | D:3      | Noticed GFox's ghost (weakling CeAM)
  1551 | D:3      | HP: 1/33 [GFox's ghost (4)]
  1554 | D:3      | Killed GFox's ghost
  1554 | D:3      | Reached XP level 4. HP: 10/41 MP: 3/3
  2408 | D:4      | Reached XP level 5. HP: 47/47 MP: 4/4
  2526 | D:4      | Reached skill level 5 in Armour
  2561 | D:4      | Found Plog's Antique Weapon Shoppe.
  2631 | D:4      | Reached XP level 6. HP: 14/55 MP: 5/5
  2904 | D:4      | Reached skill level 5 in Fighting
  3256 | D:4      | Reached skill level 5 in Shields
  3286 | D:4      | HP: 1/56 [gnoll/flail (4)]
  3286 | D:4      | Mangled by a gnoll sergeant

Action                   |  1- 3 |  4- 6 || total
-------------------------+-------+-------++-------
Melee: Long sword        |   102 |   121 ||   223
  Use: Potion            |     3 |     1 ||     4
       Scroll            |       |     7 ||     7
  Eat: Chunk             |     2 |     6 ||     8
